 Dungeon Crawl Stone Soup version 0.28.0-43-g3370ac3207 (webtiles) character file.

Game seed: 8451470959344728139

82 Ablot the Grasshopper (level 4, -3/38 HPs)
             Began as a Gnoll Warper on Mar 21, 2022.
             Killed by nerve-wracking pain
             ... invoked by Grinder
              (12 damage)
             ... on level 3 of the Dungeon.
             The game lasted 00:01:53 (2611 turns).

Ablot the Grasshopper (Gnoll Warper)                Turns: 2611, Time: 00:01:54

Health: -3/38      AC:  3    Str: 13    XL:     4   Next: 43%
Magic:  11/11      EV: 12    Int: 12    God:
Gold:   111        SH:  0    Dex: 11    Spells: 10/13 levels left

rFire   . . .      SeeInvis .   a - +0 trident
rCold   . . .      Faith    .   (no shield)
rNeg    . . .      Spirit   .   b - +0 leather armour
rPois   .          Reflect  .   (no helmet)
rElec   .          Harm     .   (no cloak)
rCorr   .          Rampage  .   (no gloves)
Will    .....                   (no boots)
Stlth   +.........              (no amulet)
HPRegen 0.12/turn               (no ring)
MPRegen 0.12/turn               (no ring)

@: no status effects
A: fangs 1, strong nose, distributed training
a: no special abilities


You were on level 3 of the Dungeon.
You visited 1 branch of the dungeon, and saw 3 of its levels.

You collected 111 gold pieces.

Inventory:

Hand Weapons
 a - a +0 trident (weapon)
 s - a +1 dagger of venom
Missiles
 d - 5 boomerangs of dispersal (quivered)
 h - 28 arrows
 j - 48 stones
 l - 21 sling bullets
 o - 21 bolts
Armour
 b - a +0 leather armour (worn)
Wands
 r - a wand of digging (3)
Scrolls
 c - a scroll of blinking
 f - a scroll of holy word {unknown}
 g - a scroll of amnesia {unknown}
 i - a scroll of magic mapping {unknown}
 n - a scroll of fog {unknown}
 q - 2 scrolls of noise {unknown}
Potions
 e - a potion of brilliance {unknown}
 k - 2 potions of curing {unknown}
 m - 3 potions of flight {unknown}
 p - a potion of degeneration {unknown}


   Skills:
 + Level 4.6 Fighting
 + Level 1.1 Short Blades
 + Level 1.1 Long Blades
 + Level 1.1 Axes
 + Level 1.1 Maces & Flails
 + Level 4.6 Polearms
 + Level 1.1 Staves
 + Level 1.1 Slings
 + Level 1.1 Bows
 + Level 1.1 Crossbows
 + Level 2.7 Throwing
 + Level 2.7 Armour
 + Level 4.6 Dodging
 + Level 1.1 Stealth
 + Level 1.1 Shields
 + Level 1.1 Unarmed Combat
 + Level 5.1 Spellcasting
 + Level 0.9 Conjurations
 + Level 0.9 Hexes
 + Level 0.9 Summonings
 + Level 0.9 Necromancy
 + Level 5.4 Translocations
 + Level 0.9 Transmutations
 + Level 0.9 Fire Magic
 + Level 0.9 Ice Magic
 + Level 0.9 Air Magic
 + Level 0.9 Earth Magic
 + Level 0.9 Poison Magic
 + Level 1.2 Invocations
 + Level 1.1 Evocations


You had 10 spell levels left.
You knew the following spells:

 Your Spells              Type           Power      Damage    Failure   Level
a - Blink                 Tloc           32%        N/A       4%          2
b - Apportation           Tloc           32%        N/A       2%          1

Your spell library contained the following spells:

 Spells                   Type           Power      Damage    Failure   Level
 Gell's Gravitas          Tloc           16%        N/A       8%          3
 Lesser Beckoning         Tloc           16%        N/A       8%          3
 Teleport Other           Tloc           16%        N/A       8%          3
 Animate Skeleton         Necr           10%        N/A       17%         1
 Summon Small Mammal      Summ           20%        N/A       17%         1
 Stone Arrow              Conj/Erth      10%        3d7       45%         3
 Manifold Assault         Tloc           16%        N/A       58%         5
 Animate Armour           Summ/Erth      10%        N/A       86%         4
 Lehudib's Crystal Spear  Conj/Erth      2%         10d2      100%        8


Dungeon Overview and Level Annotations

Branches:
Dungeon (3/15)

Altars:

Annotations:
D:3 Grinder


Innate Abilities, Weirdness & Mutations

You have very sharp teeth.
Your uncanny sense of smell can sniff out nearby items.
Your experience applies equally to all skills.


Message History

You shrug off the repeated paralysis!
You reach to attack!
You hit Grinder.
Grinder is lightly wounded.
Grinder gestures at you. Pain shoots through your body!
You reach to attack!
You closely miss Grinder.
Grinder is lightly wounded.
Grinder blinks!
You reach to attack!
You closely miss Grinder.
Grinder is lightly wounded.
You hit Grinder. Your bite misses Grinder.
Grinder is lightly wounded.
Grinder hits you!
You hit Grinder but do no damage.
Grinder is lightly wounded.
Grinder gestures at you. You resist with significant effort.
You hit Grinder.
Grinder is moderately wounded.
Grinder gestures at you. Pain shoots through your body!
You are too injured to fight recklessly!
You are too injured to fight recklessly!
You are too injured to fight recklessly!
You hit Grinder. Your bite misses Grinder.
Grinder is heavily wounded.
Grinder misses you. Grinder barely misses you.
You barely miss Grinder.
Grinder is heavily wounded.
Grinder hits you.
You writhe in agony.
* * * LOW HITPOINT WARNING * * *
You closely miss Grinder.
Grinder is heavily wounded.
Grinder gestures at you. You resist with significant effort.
You barely miss Grinder. You bite Grinder, but do no damage.
Grinder is heavily wounded.
Grinder gestures at you. Pain shoots through your body!
You die...

#.# #> #.#.##.#.
#$# ##.###........
#.# ..............
#.# #..........<#
#.# #.###.#..##.#
#.###.# #.#).##.#
#.....# #.....#.#
#.# #.#..#..# #@#
#..#.###.##
#5#####.#.#.....<.
#.............#...
#.###.###.###.#..#
#.######.# #.#..#
###.......# #.#..#
#...######.#
#.#... #.#.##
#.##.# #....##
#.....


You could see Grinder.

Vanquished Creatures
  Ijyb (D:3)
  An adder (D:2)
  A worm (D:2)
  2 dart slugs (D:1)
  3 ball pythons
  4 bats
  An endoplasm (D:3)
  4 giant cockroaches
  3 goblins
  4 hobgoblins
  5 kobolds
  3 quokkas (D:2)
  3 frilled lizards
  3 rats
38 creatures vanquished.

Notes
Turn   | Place    | Note
-------+----------+-------------------------------------------
     0 | D:1      | Ablot the Gnoll Warper began the quest for the Orb.
     0 | D:1      | Reached XP level 1. HP: 20/20 MP: 6/6
   181 | D:1      | Reached XP level 2. HP: 26/26 MP: 7/7
   184 | D:1      | Learned a level 2 spell: Blink
   429 | D:1      | Learned a level 1 spell: Apportation
  1130 | D:1      | Reached XP level 3. HP: 25/31 MP: 9/9
  1331 | D:2      | Found a faded altar of an unknown god.
  1356 | D:2      | Reached skill level 5 in Spellcasting
  1788 | D:2      | Reached skill level 1 in Invocations
  1940 | D:2      | Reached skill level 1 in Short Blades
  1940 | D:2      | Reached skill level 1 in Long Blades
  1940 | D:2      | Reached skill level 1 in Axes
  1940 | D:2      | Reached skill level 1 in Maces & Flails
  1940 | D:2      | Reached skill level 1 in Staves
  1940 | D:2      | Reached skill level 1 in Slings
  1940 | D:2      | Reached skill level 1 in Bows
  1940 | D:2      | Reached skill level 1 in Crossbows
  1940 | D:2      | Reached skill level 1 in Stealth
  1940 | D:2      | Reached skill level 1 in Shields
  1940 | D:2      | Reached skill level 1 in Unarmed Combat
  1940 | D:2      | Reached skill level 1 in Evocations
  2355 | D:3      | Noticed Ijyb
  2369 | D:3      | Reached XP level 4. HP: 23/38 MP: 11/11
  2374 | D:3      | Killed Ijyb
  2595 | D:3      | Noticed Grinder
  2597 | D:3      | Paralysed by Grinder for 3 turns
  2611 | D:3      | Killed from afar by Grinder

Illustrated notes

Levels and vault maps discovered:
D:1:      dpeg_arrival_tiny_c, layout_basic
D:2:      layout_basic, ebering_ecumenical_altar_webs, kennysheep_nub
D:3:      layout_loops_ring, uniq_grinder, uniq_ijyb, uniq_natasha

Skill      XL: |  1  2  3 |
---------------+----------+-----
Spellcasting   | 5 |  5.1
Invocations    | 1 |  1.2
Short Blades   | 1 |  1.1
Long Blades    | 1 |  1.1
Axes           | 1 |  1.1
Maces & Flails | 1 |  1.1
Staves         | 1 |  1.1
Slings         | 1 |  1.1
Bows           | 1 |  1.1
Crossbows      | 1 |  1.1
Stealth        | 1 |  1.1
Shields        | 1 |  1.1
Unarmed Combat | 1 |  1.1
Evocations     | 1 |  1.1
Fighting       | |  4.6
Polearms       | |  4.6
Throwing       | |  2.7
Armour         | |  2.7
Dodging        | |  4.6
Conjurations   | |  0.9
Hexes          | |  0.9
Summonings     | |  0.9
Necromancy     | |  0.9
Translocations | |  5.4
Transmutations | |  0.9
Fire Magic     | |  0.9
Ice Magic      | |  0.9
Air Magic      | |  0.9
Earth Magic    | |  0.9
Poison Magic   | |  0.9

Action                   |  1- 3 |  4- 6 || total
-------------------------+-------+-------++-------
Melee: Spear             |    88 |       ||    88
       Punch             |     2 |       ||     2
       Bite              |     9 |     1 ||    10
       Trident           |    49 |    19 ||    68
 Stab: Sleeping          |     1 |       ||     1
Armor: Leather armour    |    27 |       ||    27
Dodge: Dodged            |    58 |     5 ||    63
